PAAA
TORTOLITA DRUMMERS @ BLOOMINGTON LONGNECKS
07/26/2031
 
TOP OF THE 1ST
Tortolita Drummers batting - Pitching for Bloomington Longnecks : RHP Keith Rojas
Pitching: RHP Keith Rojas
Batting: RHB Sean Godron 0-0: Fly out, F5 (Line Drive, 5S)
Batting: LHB Bernardo Elías 0-0: Called Strike
0-1: Ball
1-1: Bunt missed!
1-2: Foul Ball, location: 2F
1-2: Ball
2-2: Fly out, F7 (Flyball, 7S)
Batting: LHB Steve Costillo 0-0: Ball
1-0: Ball
2-0: Ball
3-0: Called Strike
3-1: Base on Balls
Batting: RHB Rich Flannery 0-0: Called Strike
0-1: Foul Ball, location: 2F
0-2: Strikes out swinging
Top of the 1st over - 0 runs, 0 hits, 0 errors, 1 left on base; Tortolita 0 - Bloomington 0
BOTTOM OF THE 1ST
Bloomington Longnecks batting - Pitching for Tortolita Drummers : RHP Mack MacDonald
Pitching: RHP Mack MacDonald
Batting: LHB César Gómes 0-0: Ball
1-0: Called Strike
1-1: Swinging Strike
1-2: Strikes out swinging
Batting: LHB Keith Alexander 0-0: Ball
1-0: Ball
2-0: Fly out, F6 (Line Drive, 6M)
Batting: RHB Rob Gray 0-0: Ball
1-0: Ball
2-0: Called Strike
2-1: Foul Ball, location: 2F
2-2: Strikes out swinging
Bottom of the 1st over - 0 runs, 0 hits, 0 errors, 0 left on base; Tortolita 0 - Bloomington 0
TOP OF THE 2ND
Tortolita Drummers batting - Pitching for Bloomington Longnecks : RHP Keith Rojas
Batting: RHB Alan Elder 0-0: Called Strike
0-1: Fly out, F4 (Line Drive, 4)
Batting: RHB Ricardo Pacheco 0-0: Called Strike
0-1: Ball
1-1: Ball
2-1: Foul Ball, location: 2F
2-2: Fly out, F8 (Flyball, 8RD)
Batting: RHB Orlando Montoya 0-0: Ground out 6-3 (Groundball, 6)
Top of the 2nd over - 0 runs, 0 hits, 0 errors, 0 left on base; Tortolita 0 - Bloomington 0
BOTTOM OF THE 2ND
Bloomington Longnecks batting - Pitching for Tortolita Drummers : RHP Mack MacDonald
Batting: LHB John Schaefer 0-0: Foul Ball, location: 2F
0-1: Swinging Strike
0-2: Ball
1-2: Ball
2-2: DOUBLE (Line Drive, 9LM)
Batting: LHB Calvin Wilms 0-0: Foul Ball, location: 2F
0-1: Foul Ball, location: 2F
0-2: Ball
1-2: Ball
2-2: SINGLE (Line Drive, 6MD)
John Schaefer to third
Batting: RHB Carlos Cardona 0-0: Foul Ball, location: 2F
0-1: Foul Ball, location: 2F
0-2: Ball
1-2: Strikes out swinging
Batting: RHB Chet Hollis 0-0: Called Strike
0-1: Foul Ball, location: 2F
0-2: Strikes out looking
Batting: RHB Ty Struck 0-0: Called Strike
0-1: Foul Ball, location: 2F
0-2: Ball
1-2: Strikes out swinging
Bottom of the 2nd over - 0 runs, 2 hits, 0 errors, 2 left on base; Tortolita 0 - Bloomington 0
TOP OF THE 3RD
Tortolita Drummers batting - Pitching for Bloomington Longnecks : RHP Keith Rojas
Batting: RHB Vincent Klein 0-0: Ball
1-0: Ball
2-0: SINGLE (Groundball, 6MD)
Batting: RHB Santo Alba 0-0: Ball
1-0: Called Strike
1-1: Called Strike
1-2: Ball
2-2: Ground out 5-3 (Groundball, 56S)
Vincent Klein to second
Batting: RHB Sean Godron 0-0: Called Strike
0-1: Ball
1-1: Ball
2-1: Ball
3-1: Fly out, F8 (Flyball, 8RM)
Batting: LHB Bernardo Elías 0-0: Ball
1-0: Foul Ball, location: 2F
1-1: SINGLE (Line Drive, 5D)
Vincent Klein to third
Batting: LHB Steve Costillo 0-0: Called Strike
0-1: DOUBLE (Groundball, 3L)
Vincent Klein scores
Bernardo Elías to third
Runner from 3rd tries for Home, SAFE, no throw
Batting: RHB Rich Flannery 0-0: Ball
1-0: Ground out 6-3 (Groundball, 6)
Top of the 3rd over - 2 runs, 3 hits, 0 errors, 1 left on base; Tortolita 2 - Bloomington 0
BOTTOM OF THE 3RD
Bloomington Longnecks batting - Pitching for Tortolita Drummers : RHP Mack MacDonald
Batting: SHB Chris Williamson 0-0: Called Strike
0-1: Ball
1-1: Ground out 3-1 (Groundball, 34S)
Batting: LHB César Gómes 0-0: SOLO HOME RUN (Flyball, 89XD), Distance : 385 ft
Batting: LHB Keith Alexander 0-0: Fly out, F6 (Popup, 6)
Batting: RHB Rob Gray 0-0: Foul Ball, location: 2F
0-1: Called Strike
0-2: Ball
1-2: Strikes out swinging
Bottom of the 3rd over - 1 run, 1 hit, 0 errors, 0 left on base; Tortolita 2 - Bloomington 1
TOP OF THE 4TH
Tortolita Drummers batting - Pitching for Bloomington Longnecks : RHP Keith Rojas
Batting: RHB Alan Elder 0-0: Ball
1-0: SOLO HOME RUN (Flyball, 9D), Distance : 339 ft
Batting: RHB Ricardo Pacheco 0-0: Ball
1-0: Ball
2-0: Swinging Strike
2-1: Ground out 4-3 (Groundball, 34)
Batting: RHB Orlando Montoya 0-0: Ground out 5-3 (Groundball, 56)
Batting: RHB Vincent Klein 0-0: Ball
1-0: Called Strike
1-1: Ground out 4-3 (Groundball, 4)
Top of the 4th over - 1 run, 1 hit, 0 errors, 0 left on base; Tortolita 3 - Bloomington 1
BOTTOM OF THE 4TH
Bloomington Longnecks batting - Pitching for Tortolita Drummers : RHP Mack MacDonald
Batting: LHB John Schaefer 0-0: Ball
1-0: SINGLE (Groundball, 4MD)
Batting: LHB Calvin Wilms 0-0: Called Strike
0-1: Ground out 4-3 (Groundball, 4S)
John Schaefer to second
Batting: RHB Carlos Cardona 0-0: Ball
1-0: Foul Ball, location: 2F
1-1: Called Strike
1-2: Foul Ball, location: 2F
1-2: Strikes out swinging
Batting: RHB Chet Hollis 0-0: Ball
1-0: Ball
2-0: Ball
3-0: Base on Balls
Batting: RHB Ty Struck 0-0: Called Strike
0-1: Fly out, F7 (Line Drive, 78D)
Bottom of the 4th over - 0 runs, 1 hit, 0 errors, 2 left on base; Tortolita 3 - Bloomington 1
TOP OF THE 5TH
Tortolita Drummers batting - Pitching for Bloomington Longnecks : RHP Keith Rojas
Batting: RHB Santo Alba 0-0: Ball
1-0: Foul Ball, location: 2F
1-1: Foul Ball, location: 2F
1-2: Ball
2-2: Ground out 5-3 (Groundball, 56)
Batting: RHB Sean Godron 0-0: Called Strike
0-1: Foul Ball, location: 2F
0-2: Ball
1-2: Foul Ball, location: 2F
1-2: Ground out 5-3 (Groundball, 56)
Batting: LHB Bernardo Elías 0-0: Foul Ball, location: 2F
0-1: Fly out, F5 (Popup, 5F)
Top of the 5th over - 0 runs, 0 hits, 0 errors, 0 left on base; Tortolita 3 - Bloomington 1
BOTTOM OF THE 5TH
Bloomington Longnecks batting - Pitching for Tortolita Drummers : RHP Mack MacDonald
Batting: SHB Chris Williamson 0-0: Ground out 3-1 (Groundball, 34S)
Batting: LHB César Gómes 0-0: Swinging Strike
0-1: Ball
1-1: Foul Ball, location: 2F
1-2: Foul Ball, location: 2F
1-2: Foul Ball, location: 2F
1-2: Strikes out looking
Batting: LHB Keith Alexander 0-0: Foul Ball, location: 2F
0-1: Ball
1-1: Foul Ball, location: 2F
1-2: Ball
2-2: Ball
3-2: Ground out 5-3 (Groundball, 5S)
Bottom of the 5th over - 0 runs, 0 hits, 0 errors, 0 left on base; Tortolita 3 - Bloomington 1
TOP OF THE 6TH
Tortolita Drummers batting - Pitching for Bloomington Longnecks : RHP Keith Rojas
Batting: LHB Steve Costillo 0-0: Called Strike
0-1: Called Strike
0-2: Foul Ball, location: 2F
0-2: SINGLE (Groundball, 34D)
Batting: RHB Rich Flannery 0-0: Ball
1-0: Ball
2-0: Foul Ball, location: 2F
2-1: Fly out, F7 (Flyball, 7LS)
Batting: RHB Alan Elder 0-0: Ball
1-0: Called Strike
1-1: Called Strike
1-2: Strikes out swinging
Batting: RHB Ricardo Pacheco 0-0: Ball
1-0: Ball
2-0: Fly out, F9 (Flyball, 9LS)
Top of the 6th over - 0 runs, 1 hit, 0 errors, 1 left on base; Tortolita 3 - Bloomington 1
BOTTOM OF THE 6TH
Bloomington Longnecks batting - Pitching for Tortolita Drummers : RHP Mack MacDonald
Batting: RHB Rob Gray 0-0: Ball
1-0: Called Strike
1-1: SINGLE (Line Drive, 89S)
Batting: LHB John Schaefer 0-0: Called Strike
0-1: Ball
1-1: Called Strike
1-2: Fielders Choice at 2nd, 1-6 (Groundball, 13)
Batting: LHB Calvin Wilms 0-0: Called Strike
0-1: Ball
1-1: Ball
2-1: Foul Ball, location: 2F
2-2: Fielders Choice at 2nd, 5-4 (Groundball, 5D)
Batting: RHB Carlos Cardona 0-0: Fly out, F4 (Line Drive, 4M)
Bottom of the 6th over - 0 runs, 1 hit, 0 errors, 1 left on base; Tortolita 3 - Bloomington 1
TOP OF THE 7TH
Tortolita Drummers batting - Pitching for Bloomington Longnecks : RHP Keith Rojas
Batting: RHB Orlando Montoya 0-0: Foul Ball, location: 2F
0-1: Ball
1-1: Ball
2-1: Foul Ball, location: 2F
2-2: SINGLE (Groundball, 2L) (infield hit)
Batting: RHB Vincent Klein 0-0: SINGLE (Groundball, 6MD)
Orlando Montoya to second
Runner from 2nd tries for 3rd, SAFE, no throw
Pinch Hitting: SHB Carlos Kramer 0-0: Ball
1-0: Called Strike
1-1: Ball
2-1: SINGLE (Line Drive, 9LS)
Orlando Montoya scores
Vincent Klein to second
Pitching: RHP Kozue Koga
Batting: RHB Sean Godron 0-0: Ball
1-0: Foul Ball, location: 2F
1-1: Foul Ball, location: 2F
1-2: Strikes out swinging
Batting: LHB Bernardo Elías 0-0: Ball
1-0: 3-RUN HOME RUN (Flyball, 9D), Distance : 337 ft
Batting: LHB Steve Costillo 0-0: Ball
1-0: Foul Ball, location: 2F
1-1: Ball
2-1: Foul Ball, location: 2F
2-2: Foul Ball, location: 2F
2-2: Ball
3-2: SINGLE (Line Drive, 34D)
Batting: RHB Rich Flannery 0-0: Ball
1-0: Ball
2-0: Foul Ball, location: 2F
2-1: Ball
3-1: Base on Balls
Steve Costillo to second
Batting: RHB Alan Elder 0-0: Called Strike
0-1: Ball
1-1: Ball
2-1: Called Strike
2-2: Foul Ball, location: 2F
2-2: Foul Ball, location: 2F
2-2: Grounds into double play, 6-4-3 (Groundball, 6)
Top of the 7th over - 4 runs, 5 hits, 0 errors, 1 left on base; Tortolita 7 - Bloomington 1
BOTTOM OF THE 7TH
Bloomington Longnecks batting - Pitching for Tortolita Drummers : RHP Mack MacDonald
Now at 3B: Carlos Kramer
Batting: RHB Chet Hollis 0-0: Ball
1-0: Foul Ball, location: 2F
1-1: SINGLE (Groundball, 56S) (infield hit)
Batting: RHB Ty Struck 0-0: Called Strike
0-1: Foul Ball, location: 2F
0-2: Ball
1-2: Strikes out looking
Chet Hollis steals 2nd base
Batter strikes out.
Pitching: LHP Francisco Burgos
Batting: SHB Chris Williamson 0-0: Ground out 6-3 (Groundball, 6)
Chet Hollis to third
Batting: LHB César Gómes 0-0: SINGLE (Flyball, 7LM)
Chet Hollis scores
Batting: LHB Keith Alexander 0-0: Ball
1-0: Called Strike
1-1: Fielders Choice at 2nd, 6-4 (Groundball, 6)
Bottom of the 7th over - 1 run, 2 hits, 0 errors, 1 left on base; Tortolita 7 - Bloomington 2
TOP OF THE 8TH
Tortolita Drummers batting - Pitching for Bloomington Longnecks : RHP Kozue Koga
Batting: RHB Ricardo Pacheco 0-0: Ball
1-0: Ball
2-0: Ball
3-0: Base on Balls
Batting: RHB Orlando Montoya 0-0: Ball
Ricardo Pacheco steals 2nd base
1-0: Ball
2-0: Ball
3-0: Base on Balls
Batting: RHB Vincent Klein 0-0: Called Strike
0-1: SINGLE (Line Drive, 89S)
Ricardo Pacheco to third
Orlando Montoya to second
Batting: SHB Carlos Kramer 0-0: Ball
1-0: Foul Ball, location: 2F
1-1: Ball
2-1: SINGLE (Groundball, 34D)
Ricardo Pacheco scores
Orlando Montoya to third
Vincent Klein to second
Batting: RHB Sean Godron 0-0: Ball
1-0: Ball
2-0: Ball
3-0: Swinging Strike
3-1: Foul Ball, location: 2F
3-2: Foul Ball, location: 2F
3-2: Foul Ball, location: 2F
3-2: Foul Ball, location: 2F
3-2: Foul Ball, location: 2F
3-2: Foul Ball, location: 2F
3-2: Base on Balls
Orlando Montoya scores
Vincent Klein to third
Carlos Kramer to second
Batting: LHB Bernardo Elías 0-0: Swinging Strike
0-1: SINGLE (Line Drive, 8LS)
Vincent Klein scores
Carlos Kramer to third
Sean Godron to second
Batting: LHB Steve Costillo 0-0: Swinging Strike
0-1: Ball
1-1: Ball
2-1: SINGLE (Groundball, 4D)
Carlos Kramer scores
Sean Godron to third
Bernardo Elías to second
Batting: RHB Rich Flannery 0-0: Ball
1-0: Ball
2-0: Ball
3-0: Called Strike
3-1: Base on Balls
Sean Godron scores
Bernardo Elías to third
Steve Costillo to second
Pitching: RHP Nick Taylor
Pinch Hitting: RHB Miguel Canales 0-0: Foul Ball, location: 2F
0-1: Grounds into double play, 5-4-3 (Groundball, 56)
Bernardo Elías scores
Steve Costillo to third
Batting: RHB Ricardo Pacheco 0-0: Called Strike
0-1: Ball
1-1: Ground out U3 (Groundball, 3)
Top of the 8th over - 6 runs, 4 hits, 0 errors, 1 left on base; Tortolita 13 - Bloomington 2
BOTTOM OF THE 8TH
Bloomington Longnecks batting - Pitching for Tortolita Drummers : LHP Francisco Burgos
Now at 3B: Miguel Canales
Batting: RHB Rob Gray 0-0: Called Strike
0-1: Ball
1-1: Ball
2-1: Foul Ball, location: 2F
2-2: Strikes out swinging
Batting: LHB John Schaefer 0-0: Ground out 4-3 (Groundball, 4M)
Batting: LHB Calvin Wilms 0-0: Foul Ball, location: 2F
0-1: Ball
1-1: Foul Ball, location: 2F
1-2: Ball
2-2: Fly out, F6 (Line Drive, 6M)
Bottom of the 8th over - 0 runs, 0 hits, 0 errors, 0 left on base; Tortolita 13 - Bloomington 2
TOP OF THE 9TH
Tortolita Drummers batting - Pitching for Bloomington Longnecks : RHP Nick Taylor
Batting: RHB Orlando Montoya 0-0: Called Strike
0-1: Swinging Strike
0-2: Ball
1-2: Strikes out swinging
Batting: RHB Vincent Klein 0-0: Ball
1-0: Called Strike
1-1: Ball
2-1: Foul Ball, location: 2F
2-2: Foul Ball, location: 2F
2-2: Strikes out swinging
Batting: SHB Carlos Kramer 0-0: Called Strike
0-1: DOUBLE (Line Drive, 9LM)
Batting: RHB Sean Godron 0-0: Called Strike
0-1: SINGLE (Line Drive, 56D)
Carlos Kramer to third
Batting: LHB Bernardo Elías 0-0: Ball
1-0: SINGLE (Groundball, 6D)
Carlos Kramer scores
Sean Godron to second
Batting: LHB Steve Costillo 0-0: Called Strike
0-1: Swinging Strike
0-2: Ball
1-2: Ball
2-2: Ball
3-2: Foul Ball, location: 2F
3-2: Foul Ball, location: 2F
3-2: Base on Balls
Sean Godron to third
Bernardo Elías to second
Batting: RHB Rich Flannery 0-0: Called Strike
0-1: Called Strike
0-2: SINGLE (Flyball, 8RS)
Sean Godron scores
Bernardo Elías to third
Steve Costillo to second
Runner from 3rd tries for Home, SAFE, throw made home
Batting: RHB Miguel Canales 0-0: Ball
1-0: Foul Ball, location: 2F
1-1: SINGLE (Flyball, 9LS)
Steve Costillo to third
Rich Flannery to second
Runner from 3rd tries for Home, SAFE, no throw
Batting: RHB Ricardo Pacheco 0-0: Ball
1-0: Ball
2-0: Foul Ball, location: 2F
2-1: Ball
3-1: Fly out, F2 (Popup, 2RF)
Top of the 9th over - 4 runs, 5 hits, 0 errors, 2 left on base; Tortolita 17 - Bloomington 2
BOTTOM OF THE 9TH
Bloomington Longnecks batting - Pitching for Tortolita Drummers : LHP Francisco Burgos
Now at C: Eisse Cals
Pinch Hitting: RHB Gabrio Campoverde 0-0: Called Strike
0-1: Ball
1-1: Ball
2-1: Ball
3-1: Base on Balls
Batting: RHB Chet Hollis 0-0: Ball
1-0: Ball
2-0: Ball
3-0: Base on Balls
Gabrio Campoverde to second
Batting: RHB Ty Struck 0-0: Ball
1-0: Foul Ball, location: 2F
1-1: Foul Ball, location: 2F
1-2: Strikes out swinging
Batting: SHB Chris Williamson 0-0: Called Strike
0-1: Called Strike
0-2: SINGLE (Flyball, 8RS)
Gabrio Campoverde to third
Chet Hollis to second
Batting: LHB César Gómes 0-0: Ball
1-0: Ball
2-0: Fly out, F6 (Line Drive, 6M)
Batting: LHB Keith Alexander 0-0: Called Strike
0-1: Swinging Strike
0-2: Foul Ball, location: 2F
0-2: Fly out, F5 (Popup, 25F)
Bottom of the 9th over - 0 runs, 1 hit, 0 errors, 3 left on base; Tortolita 17 - Bloomington 2
Tuesday, June 12th, 2018 - OOTP Baseball 18.8 Build 76